 Dungeon Crawl Stone Soup version 0.19.0 (webtiles) character file.

7429 Gargoyl the Envoy of Void (level 10, -13/92 HPs)
             Began as a Demonspawn Abyssal Knight on Nov 1, 2016.
             Was a High Priest of Lugonu.
             Mangled by Erolcha
             ... wielding a +0 giant club
              (37 damage)
             ... on level 10 of the Dungeon.
             The game lasted 00:17:51 (9716 turns).

Gargoyl the Envoy of Void (DsAK)                    Turns: 9716, Time: 00:17:52

Health: -13/92     AC:  6    Str: 17    XL:     10   Next: 93%
Magic:  24/27      EV: 11    Int: 11    God:    Lugonu [*****.]
Gold:   456        SH:  0    Dex: 12    Spells: 0 memorised, 9 levels left

rFire  x . .     SeeInvis .     (weapon currently unavailable)
rCold  + + +     Gourm    .     (armour currently unavailable)
rNeg   . . .     Faith    .     (shield currently unavailable)
rPois  +         Spirit   .     (helmet currently unavailable)
rElec  .         Reflect  .     (cloak currently unavailable)
rCorr  +         Harm     .     (gloves currently unavailable)
MR     ++...     Rnd*Rage +     (boots unavailable)
Stlth  +.........               (no amulet)
                                o - ring of magical power
                                w - ring of resist corrosion

@: ice-form
A: (hooves 0), (horns 0), (large bone plates 0), berserk 1, blink, dopey 1,
magic resistance 2, mutation resistance 1, sense surroundings 1, (spiny 0),
MP-powered wands
a: Blink, Depart the Abyss, Bend Space, Banish, Corrupt, Enter the Abyss,
Renounce Religion


You were on level 10 of the Dungeon.
You worshipped Lugonu.
Lugonu was extremely pleased with you.
You were hungry.
You were a creature of crystalline ice.
You visited 1 branch of the dungeon, and saw 10 of its levels.
You visited the Abyss 1 time.
You also visited: Ossuary.

You collected 526 gold pieces.
You spent 70 gold pieces at shops.

Inventory:

Hand Weapons
 a - a +1 hand axe
 r - a +3 war axe (melded)
Armour
 d - a +2 pair of gloves (melded)
 z - a +0 cloak (melded)
 F - a +0 plate armour (melded)
Rods
 x - a +1 iron rod (14/14)
   (You found it on level 7 of the Dungeon)
Jewellery
 o - a ring of magical power (right front paw)
 t - an uncursed ring of flight
 w - a ring of resist corrosion (left front paw)
Wands
 l - a wand of flame (33/48)
 p - a wand of confusion (30/48)
 y - a wand of polymorph (14/24)
 C - a wand of lightning (5/15)
Scrolls
 b - 2 scrolls of recharging
 g - a scroll of amnesia
 k - 5 scrolls of identify
 n - a scroll of remove curse
 q - 2 scrolls of teleportation
Potions
 e - a potion of magic {unknown}
 f - a potion of agility
 j - 4 potions of haste
 u - 2 potions of degeneration
 v - 2 potions of curing
 B - a potion of ambrosia
Books
 h - a book of Maledictions

   Spells                             Type                      Level
   a - Corona                         Hexes                        1
   b - Ensorcelled Hibernation        Hexes/Ice                    2
   c - Confuse                        Hexes                        3
   d - Tukima's Dance                 Hexes                        3
   e - Dazzling Spray                 Conjuration/Hexes            3
 s - a book of Misfortune

   Spells                             Type                      Level
   a - Confusing Touch                Hexes                        1
   b - Confuse                        Hexes                        3
   c - Gell's Gravitas                Hexes/Translocation          3
   d - Petrify                        Transmutation/Earth          4
   e - Metabolic Englaciation         Hexes/Ice                    5
   f - Yara's Violent Unravelling     Hexes/Transmutation          5
 A - a book of Minor Magic

   Spells                             Type                      Level
   a - Magic Dart                     Conjuration                  1
   b - Blink                          Translocation                2
   c - Call Imp                       Summoning                    2
   d - Repel Missiles                 Charms/Air                   2
   e - Slow                           Hexes                        2
   f - Conjure Flame                  Conjuration/Fire             3
   g - Mephitic Cloud                 Conjuration/Poison/Air       3
Comestibles
 c - 6 bread rations
 i - 5 meat rations
 D - a beef jerky
 E - a slice of pizza


   Skills:
 + Level 6.9 Fighting
 + Level 8.3 Axes
 + Level 3.6 Throwing
 * Level 9.1 Armour
 + Level 4.4 Dodging
 * Level 11.4 Invocations


You had 9 spell levels left.
You didn't know any spells.

Dungeon Overview and Level Annotations

Branches:
Dungeon (10/15)            Temple (0/1) D:5
   Lair: D:8-11         Orc: D:9-12

Altars:
Dithmenos
Hepliaklqana
Kikubaaqudgha
Trog
Vehumet

Shops:
D:4 *   D:6 [(??   D:8 :

Annotations:
D:10 Erolcha


Innate Abilities, Weirdness & Mutations

((You have hooves in place of feet.))
((You are mostly covered in large bone plates. (SH +6)))
((You are partially covered in sharp spines.))
((You have a pair of small horns on your head.))
You tend to lose your temper in combat.
You can translocate small distances at will.
You are dopey. (Int -2)
You are highly resistant to hostile enchantments. (MR++)
You are somewhat resistant to further mutation.
You passively map a small area around you.
You expend magic power (3 MP) to strengthen your wands.


Message History

You block Erolcha's attack.
You barely miss Erolcha. Your kick misses Erolcha.
Erolcha is lightly wounded.
Erolcha is struck by your spines. Erolcha hits you with a giant club!
* * * LOW HITPOINT WARNING * * *
Erolcha points at you and mumbles some strange words.
You resist with almost no effort.
You feel better. Erolcha is struck by your spines.
Erolcha hits you with a giant club.
* * * LOW HITPOINT WARNING * * *
Zapping:
y - a wand of polymorph (will waste charges)
Press: ? - help, Shift-Dir - straight line, f - you Really target yourself?
You turn into a creature of crystalline ice.
Your +3 war axe melds into your body.
Your +0 cloak melds into your body.
Your +2 pair of gloves melds into your body.
Your +0 plate armour melds into your body.
Evoking this partially-identified wand wasted a few charges.
Erolcha hits you with a giant club!!!
You die...

..'......[#* * ,
###.......# * , ,
#.......+, * * #<......#
####'#### , #..# * ,##
#.## ##..## #.#
#####.....## #####.###
###...YO....'.
........###...###.....##
........##..### *.....#
...........## *.....# '
........#### .>...#
........# .....#
####.#### ##'### * #.>
.. * ##


You could see Erolcha.

Vanquished Creatures
  Joseph (D:7)
  The ghost of Banto the Carver, a novice HESk of Jiyva (D:7)
  A two-headed ogre (D:8)
  2 trolls (D:9)
  2 hippogriffs (D:9)
  Grinder (D:6)
  Eustachio (D:6)
  A steam dragon (D:7)
  Edmund (D:6)
  Duvessa (D:5)
  5 sky beasts
  2 ice beasts
  A necrophage (D:9)
  3 ogres
  4 centaurs
  The ghost of Banto the Slasher, an amateur HESk of Okawaru (D:4)
  2 big kobolds
  2 elf zombies (Ossuary)
  8 bullfrogs
  2 wyvern skeletons
  Dowan (D:5)
  5 scorpions
  9 killer bees
  6 howler monkeys
  An electric eel (D:6)
  3 crimson imps
  2 human zombies (Ossuary)
  2 bullfrog zombies
  A jelly (D:9)
  3 orc priests (D:6)
  An orc wizard (D:6)
  Ijyb (D:2)
  2 iguanas
  4 worker ants
  3 big kobold zombies (Ossuary)
  A hound zombie (Ossuary)
  4 mummies
  3 hound skeletons
  6 adders
  3 adder zombies (Ossuary)
  A worm (D:5)
  A dart slug (D:2)
  5 leopard geckos
  24 orcs
  A bat (D:1)
  2 giant cockroaches
  4 goblins
  7 hobgoblins
  11 jackals
  14 kobolds
  2 quokkas (D:6)
  4 frilled lizards
  4 gnoll zombies (Ossuary)
  4 goblin zombies (Ossuary)
  5 hobgoblin zombies (Ossuary)
  2 jackal skeletons
  5 jackal zombies
  A kobold zombie (Ossuary)
  A leopard gecko skeleton (D:5)
  An orc zombie (Ossuary)
  A quokka skeleton (D:4)
  A quokka zombie (Ossuary)
  6 rats (D:1)
  3 rat zombies (Ossuary)
213 creatures vanquished.

Vanquished Creatures (others)
  The ghost of GordonOverkill the Spear-Bearer, a novice MiVM of Trog (D:9)
1 creature vanquished.

Grand Total: 214 creatures vanquished

Notes
Turn   | Place    | Note
-------+----------+-------------------------------------------
     0 | Abyss:1  | Gargoyl the Demonspawn Abyssal Knight began the quest for the Orb.
     0 | Abyss:1  | Reached XP level 1. HP: 18/18 MP: 2/2
    41 | Abyss:2  | Noticed a smoke demon
    45 | D:1      | Escaped the Abyss
   430 | D:1      | Gained mutation: You have large cloven feet. [demonic ancestry]
   430 | D:1      | Reached XP level 2. HP: 24/24 MP: 3/3
   547 | D:1      | Reached * piety under Lugonu
   595 | D:1      | Reached skill level 1 in Dodging
   878 | D:2      | Noticed Ijyb
   915 | D:2      | Killed Ijyb
   915 | D:2      | Reached XP level 3. HP: 15/29 MP: 5/5
  1634 | D:3      | Reached skill level 3 in Invocations
  1634 | D:3      | Gained mutation: You are partially covered in large bone plates. (SH +4) [demonic ancestry]
  1634 | D:3      | Reached XP level 4. HP: 17/35 MP: 6/6
  2665 | D:4      | Noticed Banto's ghost (amateur HESk)
  2675 | D:4      | Killed Banto's ghost
  2675 | D:4      | Gained mutation: You have hoof-like feet. [demonic ancestry]
  2675 | D:4      | Reached XP level 5. HP: 36/41 MP: 7/7
  2790 | D:4      | Found a radiant altar of Vehumet.
  2824 | D:4      | Found Byraagil's General Store.
  2827 | D:4      | Bought a potion of heal wounds for 70 gold pieces
  3195 | D:5      | Entered Level 5 of the Dungeon
  3234 | D:5      | Noticed a centaur
  3243 | D:5      | Killed a centaur
  3243 | D:5      | Gained mutation: You have hooves in place of feet. [demonic ancestry]
  3243 | D:5      | Reached XP level 6. HP: 30/48 MP: 8/8
  3369 | D:5      | Reached ** piety under Lugonu
  3371 | D:5      | Noticed Duvessa
  3372 | D:5      | Noticed Dowan
  3942 | D:4      | Reached skill level 4 in Invocations
  4084 | D:5      | Killed Duvessa
  4084 | D:5      | Gained mutation: You are partially covered in sharp spines. [demonic ancestry]
  4084 | D:5      | Reached XP level 7. HP: 50/54 MP: 10/10
  4086 | D:5      | Killed Dowan
  4086 | D:5      | Reached skill level 5 in Armour
  4183 | D:5      | Gained mutation: You passively map a small area around you. [mutagenic meat]
  4184 | D:5      | Gained mutation: You are dopey. (Int -2) [mutagenic meat]
  4185 | D:5      | Gained mutation: You tend to lose your temper in combat. [mutagenic meat]
  4186 | D:5      | Reached skill level 5 in Axes
  4186 | D:5      | Reached skill level 9 in Invocations
  4186 | D:5      | Gained mutation: You are mostly covered in large bone plates. (SH +6) [demonic ancestry]
  4186 | D:5      | Reached XP level 8. HP: 47/64 MP: 15/15
  4562 | D:5      | Found a staircase to the Ecumenical Temple.
  4717 | D:5      | Found a shadowy altar of Dithmenos.
  4718 | D:5      | Found a bloodstained altar of Trog.
  4766 | D:5      | Gained mutation: You are weak. (Str -2) [mutagenic meat]
  4767 | D:5      | Gained mutation: You have a pair of small horns on your head. [mutagenic meat]
  4768 | D:5      | Gained mutation: You are resistant to hostile enchantments. (MR+) [mutagenic meat]
  4769 | D:5      | Gained mutation: You are somewhat resistant to further mutation. [mutagenic meat]
  5125 | D:6      | Found Musk's Magic Scroll Shop.
  5140 | D:6      | Found Luc Hiju's Magic Scroll Shop.
  5147 | D:6      | Noticed Edmund
  5159 | D:6      | Killed Edmund
  5159 | D:6      | Reached XP level 9. HP: 62/69 MP: 16/16
  5528 | D:6      | Found Bikhlycla's Antique Weapon Emporium.
  5530 | D:6      | Reached *** piety under Lugonu
  5634 | D:6      | Found a sand-covered staircase.
  5640 | Ossuary  | Entered an ossuary
  5872 | Ossuary  | Reached **** piety under Lugonu
  6143 | D:6      | Found Katumagu's Armour Boutique.
  6336 | D:6      | Found a faded altar of an unknown god.
  6336 | D:6      | Found a faded altar of an unknown god.
  6341 | D:6      | Found a faded altar of an unknown god.
  6343 | D:6      | Found a hazy altar of Hepliaklqana.
  6344 | D:6      | Found an ancient bone altar of Kikubaaqudgha.
  6372 | D:6      | Noticed Eustachio
  6374 | D:6      | Noticed Grinder
  6385 | D:6      | Killed Grinder
  6401 | D:6      | Killed Eustachio
  6401 | D:6      | Reached skill level 10 in Invocations
  6608 | D:7      | Noticed Banto's ghost (novice HESk)
  6830 | D:7      | Killed Banto's ghost
  6880 | D:7      | Noticed Joseph
  6894 | D:7      | Killed Joseph
  6894 | D:7      | Reached XP level 10. HP: 53/77 MP: 17/17
  7823 | D:8      | Found Jyvom's Book Shop.
  7882 | D:8      | Lost mutation: You are weak. (Str -2) [mutagenic meat]
  7957 | D:8      | Gained mutation: You are highly resistant to hostile enchantments. (MR++) [potion of mutation]
  8241 | D:8      | Found a radiant altar of Vehumet.
  8356 | D:8      | Reached ***** piety under Lugonu
  8732 | D:9      | Noticed GordonOverkill's ghost (novice MiVM)
  8747 | D:9      | Banished GordonOverkill's ghost
  8747 | D:9      | Reached skill level 11 in Invocations
  8758 | D:9      | Gained mutation: You expend magic power (3 MP) to strengthen your wands. [mutagenic meat]
  8761 | D:9      | Gained mutation: You can translocate small distances at will. [mutagenic meat]
  9593 | D:10     | Entered Level 10 of the Dungeon
  9704 | D:10     | Noticed Erolcha
  9716 | D:10     | Mangled by Erolcha

Skill      XL: |  1  2  3  4  5  6  7  8  9 10 |
---------------+-------------------------------+-----
Armour         | 2 3 4 7 8 9 |  9.1
Axes           | 2 3 5 6 7 8 |  8.3
Dodging        | 1 4 |  4.4
Invocations    | 3 4 9 10 11 | 11.4
Fighting       | 4 6 |  6.9
Throwing       | 3 |  3.6

Action                   |  1- 3 |  4- 6 |  7- 9 | 10-12 || total
-------------------------+-------+-------+-------+-------++-------
Melee: Hand axe          |   103 |       |       |       ||   103
       Kick              |    22 |    42 |    62 |    27 ||   153
       War axe           |    22 |   123 |   299 |   145 ||   589
       Headbutt          |       |       |    33 |    30 ||    63
Invok: Depart the Abyss  |     1 |       |       |       ||     1
       Banish            |       |       |       |     3 ||     3
Evoke: Wand              |       |       |       |     1 ||     1
  Use: Scroll            |       |     9 |     1 |     6 ||    16
       Potion            |       |     6 |     5 |     6 ||    17
  Eat: Chunk             |     2 |     4 |    16 |    13 ||    35
       Bread ration      |       |     1 |       |     1 ||     2
       Beef jerky        |       |       |     2 |     1 ||     3
Armor: Scale mail        |    64 |    59 |    27 |       ||   150
       Leather armour    |     1 |       |       |       ||     1
       Chain mail        |       |       |    94 |   100 ||   194
       Plate armour      |       |       |       |     2 ||     2
Dodge: Dodged            |    64 |    63 |    86 |    71 ||   284
Block: Other             |       |    20 |    90 |    70 ||   180
